cohdb
Replays
Latest Replays
All Replays
Popular Replays
Top Player Replays
Match Explorer
How It Works
Community
CoH3 Stats
Reddit
Sign in to upload your games and track your stats! →
Sign in with Steam
Match 47028982
Unlisted
Match 47028982
Overview
Messages
Build Orders
End
Kradschützen Motorcycle Team
Selects Armored Support Battlegroup
Selects Armored Support Battlegroup
Panzerpioneer Squad
Panzergrenadier Squad
250 Light Carrier
Panzergrenadier Squad
Construct Light Support Kompanie
Fire Support Elements
Combat Half-tracks
2.5-tonne Medical Truck
Selects Superior Fire Drills
Flakvierling Half-track
XuZhongwei
憨八龟
上海交大周杰伦
An
Puffrey_Diddlestone
Ghost
Field︽Marshall︽Scrim
DesMod
0
0
Comments
sign in to comment!
No comments posted yet!